Map: Frozen Temple

Players

Vincent - Winner!

  • Race: Zerg Zerg
  • League: Grandmaster

Miszu

  • Race: Terran Terran
  • League: Grandmaster

VOD

Have the link to the VOD?

Description

Time

  • Played on: May 18, 2016, 12:09 p.m.
  • Length: 14:56
Show
View Real Time Build Order
Export as new Build Order

Vincent Zerg - Winner!

Build Orders: Hatch First 

Get SALT Encoding   

  12  0:00  Drone  
  13  0:13  Overlord  
  13  0:18  Drone  
  14  0:31  Drone x2  
  14  0:35  Drone  
  17  0:52  Hatchery  
  17  0:54  Drone  
  17  0:58  Drone  
  18  1:09  Extractor  
  17  1:13  Spawning Pool  
  17  1:15  Drone  
  18  1:18  Drone  
  18  1:29  Drone  
  19  1:39  Overlord  
  19  1:51  Drone  
  20  2:00  Queen  
  22  2:02  Zergling x2  
  22  2:03  Queen  
  22  2:04  Zergling x2  
  26  2:09  Metabolic Boost  
  26  2:11  Zergling x2  
  26  2:15  Drone  
  27  2:30  Drone x2  
  27  2:32  Spore Crawler  
  29  2:38  Overlord  
  29  2:39  Queen, Drone  
  32  2:44  Drone  
  32  2:49  Overlord  
  33  2:55  Drone  
  33  2:58  Drone  
  35  3:07  Drone  
  36  3:16  Drone x7  
  43  3:30  Hatchery  
  43  3:34  Roach Warren  
  41  3:35  Drone x3  
  41  3:41  Drone  
  45  3:46  Drone x3  
  48  3:48  Queen  
  48  3:52  Drone x2  
  48  3:55  Overlord  
  52  3:59  Overlord  
  52  4:07  Spore Crawler, Lair  
  51  4:10  Spore Crawler  
  51  4:12  Extractor, Drone  
  50  4:22  Roach x2  
  50  4:23  Roach  
  56  4:27  Queen  
  56  4:28  Spore Crawler  
  56  4:31  Drone x2  
  59  4:33  Drone x2  
  59  4:36  Drone  
  62  4:43  Drone x4  
  66  4:49  Drone x2  
  66  4:52  Spore Crawler  
  67  4:59  Drone x6  
  73  5:04  Overlord  
  73  5:10  Drone  
  73  5:11  Evolution Chamber  
  73  5:12  Evolution Chamber  
  72  5:15  Overseer  
  72  5:17  Overseer  
  72  5:26  Extractor  
  72  5:28  Extractor, Drone x9  
  75  5:29  Extractor x2  
  77  5:38  Zerg Missile Weapons Level 1, Zerg Ground Armor Level 1  
  77  5:43  Drone  
  77  5:46  Overlord  
  78  5:50  Drone x4  
  78  5:54  Spore Crawler  
  78  5:55  Spore Crawler  
  80  5:57  Spore Crawler  
  70  6:15  Drone x3  
  70  6:16  Drone  
  72  6:19  Roach x4  
  72  6:24  Drone x2  
  72  6:25  Overlord x2  
  74  6:36  Roach x4  
  70  6:50  Drone x8  
  76  6:59  Drone x3  
  78  7:07  Drone x3  
  81  7:10  Drone  
  81  7:13  Queen  
  83  7:21  Drone x6  
  89  7:24  Infestation Pit  
  89  7:27  Hydralisk Den  
  87  7:38  Hatchery  
  87  7:39  Drone x2  
  87  7:40  Drone  
  87  7:42  Drone  
  90  7:48  Overlord  
  90  7:49  Overlord  
  90  7:54  Zerg Missile Weapons Level 2  
  90  7:57  Overlord  
  90  8:05  Muscular Augments  
  90  8:06  Hive  
  90  8:07  Drone  
  90  8:08  Drone x2  
  90  8:11  Hydralisk  
  95  8:14  Ravager x2  
  95  8:15  Ravager  
  95  8:19  Hydralisk x2  
  102  8:34  Hydralisk x6  
  102  8:37  Overlord  
  102  8:38  Overlord  
  114  8:44  Overlord x2  
  112  8:53  Extractor x2  
  107  9:00  Hydralisk x6  
  119  9:08  Overseer  
  118  9:11  Hydralisk  
  118  9:12  Hydralisk x3  
  121  9:24  Viper x2  
  121  9:27  Overlord  
  121  9:29  Overlord  
  127  9:35  Overlord x2  
  127  9:44  Overlord x3  
  127  9:53  Pneumatized Carapace  
  127  9:55  Drone  
  127  9:56  Drone  
  129  10:01  Drone x2  
  129  10:02  Drone x5  
  129  10:03  Drone  
  137  10:07  Glial Reconstitution  
  137  10:09  Extractor  
  137  10:10  Extractor  
  124  10:25  Hydralisk x5, Roach  
  130  10:36  Drone x2  
  130  10:37  Drone x2  
  130  10:41  Spore Crawler  
  134  10:42  Drone  
  134  10:55  Drone  
  134  10:56  Drone x7  
  142  11:09  Hydralisk x2, Roach x4  
  154  11:20  Viper x3  
  154  11:21  Viper  
  157  11:34  Drone x2  
  157  11:35  Drone x2  
  157  11:36  Drone x5  
  164  11:56  Overlord  
  164  12:04  Zerg Ground Armor Level 2, Zerg Missile Weapons Level 3  
  164  12:22  Hydralisk x5  
  164  12:29  Hydralisk x2  
  171  12:30  Roach  
  172  12:37  Hydralisk x2  
  172  12:43  Overseer x2  
  173  12:44  Overseer  
  173  12:48  Drone x3  
  176  12:52  Overlord  
  176  12:53  Overlord x5  
  175  13:02  Spore Crawler  
  174  13:18  Hatchery  
  173  13:25  Ravager x6  
  178  13:32  Drone x3  
  175  13:37  Hydralisk x6  
  186  13:41  Spine Crawler  
  186  13:44  Spine Crawler  
  185  13:48  Drone x2  
  185  13:49  Drone  
  185  13:54  Drone x2  
  189  13:59  Drone x2  
  146  14:18  Hydralisk x5  
  123  14:31  Hydralisk x3  
  123  14:32  Hydralisk  
Show
View Real Time Build Order
Export as new Build Order

Miszu Terran 

Build Orders: Reaper Expand, Hellion Banshee 

Get SALT Encoding   

  12  0:00  SCV  
  13  0:13  SCV  
  14  0:18  Supply Depot  
  14  0:25  SCV  
  15  0:40  SCV  
  15  0:41  Barracks  
  16  0:44  Refinery  
  16  0:52  SCV  
  17  1:04  SCV  
  18  1:16  SCV  
  19  1:29  Reaper, Orbital Command  
  20  1:41  Command Center  
  20  1:54  SCV  
  20  1:55  Supply Depot  
  20  2:01  Marine  
  21  2:06  SCV  
  23  2:09  Factory  
  23  2:14  Refinery  
  23  2:20  Barracks Reactor  
  23  2:23  SCV  
  24  2:36  SCV  
  25  2:48  SCV  
  26  2:55  Starport, Orbital Command  
  26  3:00  SCV  
  26  3:01  Hellion x2  
  26  3:04  Barracks Tech Lab  
  31  3:12  SCV  
  32  3:23  SCV  
  32  3:24  SCV  
  32  3:26  Hellion  
  32  3:27  Hellion  
  37  3:29  Supply Depot  
  37  3:34  Barracks Reactor  
  37  3:35  SCV  
  37  3:36  Banshee  
  37  3:39  SCV  
  42  3:47  SCV  
  43  3:52  SCV  
  44  3:56  Command Center  
  44  3:59  SCV  
  45  4:03  Refinery x2  
  45  4:05  SCV  
  46  4:10  Supply Depot  
  46  4:11  SCV  
  47  4:17  Liberator  
  47  4:18  Supply Depot, Liberator  
  47  4:22  Hellion x2, SCV  
  52  4:30  SCV  
  59  4:39  SCV  
  59  4:42  SCV  
  59  4:44  Hellion  
  63  4:47  Hellion  
  63  4:51  SCV  
  66  4:54  SCV  
  66  4:58  Supply Depot  
  67  5:05  Hellion  
  69  5:08  Hellion  
  69  5:09  Orbital Command  
  69  5:10  Liberator  
  69  5:11  Liberator  
  71  5:17  SCV x2  
  79  5:29  SCV  
  79  5:32  Armory  
  79  5:33  SCV  
  81  5:41  Supply Depot, SCV  
  81  5:42  Supply Depot  
  82  5:44  Starport  
  82  5:45  Starport, SCV  
  83  5:53  SCV  
  84  6:06  Refinery x2, Orbital Command  
  84  6:07  SCV  
  84  6:08  SCV  
  84  6:10  Liberator x2  
  86  6:25  Banshee  
  86  6:26  Starport Tech Lab  
  86  6:27  SCV  
  86  6:31  SCV  
  94  6:46  SCV x3  
  88  6:51  Terran Ship Weapons Level 1  
  80  7:04  Liberator x2  
  80  7:05  Banshee  
  80  7:07  Hellion x2  
  87  7:14  SCV  
  87  7:15  SCV x2  
  87  7:21  Banshee  
  96  7:24  Fusion Core  
  96  7:26  SCV  
  96  7:27  SCV x2  
  96  7:29  Hellion  
  101  7:33  Starport  
  101  7:34  Starport  
  101  7:37  Supply Depot, Command Center  
  101  7:38  Supply Depot, Cloaking Field, SCV  
  101  7:39  SCV x2  
  101  7:44  Hellion  
  106  7:46  Supply Depot  
  106  7:49  Banshee  
  109  7:58  SCV  
  109  7:59  SCV x2  
  109  8:01  Supply Depot  
  109  8:04  Supply Depot x2, Hellion  
  109  8:05  Hellion  
  116  8:11  SCV x3  
  125  8:19  Starport Tech Lab x2  
  125  8:20  Banshee  
  125  8:21  Hyperflight Rotors  
  125  8:23  SCV  
  129  8:32  Banshee  
  132  8:38  Engineering Bay, Viking x2  
  130  8:41  Banshee x2  
  133  9:03  Hellion, Banshee  
  133  9:04  Hellion  
  138  9:14  Banshee  
  129  9:17  Viking x2  
  129  9:22  Command Center  
  131  9:24  Factory, Banshee x2  
  131  9:25  Hellion  
  131  9:29  Hellion  
  131  9:30  Command Center  
  131  9:31  Refinery  
  141  9:32  Refinery  
  141  9:34  Terran Ship Weapons Level 2  
  141  9:40  Armory  
  141  9:45  Banshee  
  141  9:46  Hellion  
  141  9:50  Hellion  
  148  9:55  Advanced Ballistics  
  148  9:57  Banshee  
  148  9:59  Viking  
  153  10:00  Viking  
  153  10:01  Planetary Fortress  
  155  10:08  Banshee  
  155  10:09  Factory Tech Lab  
  155  10:12  Hellion x2  
  162  10:19  Liberator x2  
  144  10:27  Missile Turret  
  134  10:29  Hellion  
  134  10:30  Infernal Pre-Igniter  
  134  10:33  Hellion  
  134  10:34  Hellion  
  136  10:41  Banshee x2  
  148  10:52  Viking x2, Hellion, Command Center  
  154  10:59  Hellion x2  
  155  11:19  Viking, Hellion  
  155  11:21  Hellion  
  160  11:34  Battlecruiser x2  
  160  11:35  Battlecruiser  
  169  11:49  Hellion x2  
  169  11:50  Hellion  
  175  11:56  Battlecruiser  
  175  11:57  Liberator  
  175  11:58  Terran Vehicle And Ship Armor Level 1  
  177  12:01  Terran Ship Weapons Level 3  
  167  12:10  Hellion  
  167  12:11  Hellion x2  
  167  12:15  Viking  
  175  12:32  Hellion x3  
  178  12:41  Planetary Fortress  
  178  12:42  Planetary Fortress  
  175  12:45  Viking  
  175  12:53  Hellion x2  
  175  12:54  Hellion  
  175  12:57  Viking  
  177  13:01  Refinery  
  177  13:02  Refinery  
  177  13:04  Orbital Command  
  177  13:06  Battlecruiser x2  
  177  13:07  Viking x2  
  192  13:15  Hellion  
  194  13:30  Liberator x2  
  188  13:39  Hellion x3  
  184  13:44  SCV  
  191  13:56  SCV  
  191  13:57  Weapon Refit  
  191  14:00  Hellion x3  
  198  14:08  SCV  
  183  14:20  SCV  
  154  14:31  Hellion x3  
  133  14:32  SCV  
  133  14:33  Refinery  
  133  14:34  Refinery  
Tags
 
Add a new tag
Caveats
  • Supply blocks, unpowered buildings, or Contaminate may cause inaccurate times.
  • Supply counts are checked every 10 seconds.